 Dungeon Crawl Stone Soup version 0.29-a0-813-g4a14ea37d6 (webtiles) character file.

Game seed: 9470129197096901171

21 polve the Chopper (level 2, 0/18 (22) HPs)
             Began as a Demonspawn Gladiator on July 4, 2022.
             Slain by a necrophage (2 damage)
             ... on level 2 of the Dungeon.
             The game lasted 00:00:47 (1223 turns).

polve the Chopper (Demonspawn Gladiator)            Turns: 1223, Time: 00:00:48

HP:   0/18 (22)     AC:  4    Str: 14    XL:     2   Next: 62%
MP:   2/2           EV: 11    Int:  9    God:
Gold: 42            SH:  4    Dex: 14    Spells: 1/1 levels left

rFire   . . .      SeeInvis .   a - +0 war axe
rCold   . . .      Faith    .   h - +0 buckler
rNeg    . . .      Spirit   .   b - +0 leather armour
rPois   .          Reflect  .   c - +0 helmet
rElec   .          Harm     .   (no cloak)
rCorr   .          Rampage  .   (no gloves)
Will    .....                   (no boots)
Stlth   +.........              (no amulet)
HPRegen 0.06/turn               (no ring)
MPRegen 0.08/turn               (no ring)

@: heavily drained
A: powered by pain 1
a: no special abilities


You were on level 2 of the Dungeon.
You visited 1 branch of the dungeon, and saw 2 of its levels.

You collected 42 gold pieces.

Inventory:

Hand Weapons
 a - a +0 war axe (weapon)
Missiles
 d - 3 throwing nets (quivered)
 e - a javelin
Armour
 b - a +0 leather armour (worn)
 c - a +0 helmet (worn)
 h - a +0 buckler (worn)
Scrolls
 f - a scroll of immolation {unknown}
 g - 2 scrolls of magic mapping {unknown}
 i - a scroll of fear {unknown}
 j - a scroll of identify {unknown}
 k - a scroll of blinking {unknown}
 m - a scroll of poison {unknown}
Potions
 l - a potion of brilliance {unknown}
 n - a potion of curing {unknown}


   Skills:
 - Level 2.0 Fighting
 + Level 3.0 Axes
 - Level 1.7 Throwing
 + Level 0.7 Armour
 - Level 2.6 Dodging
 * Level 1.3 Shields


You had one spell level left.
You didn't know any spells.
Your spell library contained the following spells:

 Spells                   Type           Power      Damage    Failure   Level
 Gell's Gravitas          Tloc           0%         N/A       90%         3
 Lesser Beckoning         Tloc           0%         N/A       90%         3
 Teleport Other           Tloc           0%         N/A       90%         3


Dungeon Overview and Level Annotations

Branches:
Dungeon (2/15)

Altars:


Innate Abilities, Weirdness & Mutations

You sometimes gain a little power by taking damage.


Message History

You hit the necrophage.
The necrophage is moderately damaged.
You block the necrophage's attack. The necrophage hits you.
You are too injured to fight recklessly!
You are too injured to fight recklessly!
You are too injured to fight recklessly!
You are too injured to fight recklessly!
You are too injured to fight recklessly!
You are too injured to fight recklessly!
You are too injured to fight recklessly!
You are too injured to fight recklessly!
You are too injured to fight recklessly!
You barely miss the necrophage.
The necrophage is moderately damaged.
The necrophage barely misses you.
You closely miss the necrophage.
The necrophage is moderately damaged.
The necrophage hits you. x2; You feel drained.
You barely miss the necrophage.
The necrophage is moderately damaged.
The necrophage misses you.
You closely miss the necrophage.
The necrophage is moderately damaged.
You block the necrophage's attack.
You hit the necrophage.
The necrophage is moderately damaged.
The necrophage closely misses you. The necrophage hits you.
You feel drained.
You barely miss the necrophage.
The necrophage is moderately damaged.
The necrophage hits you but does no damage.
You slash the necrophage!
The necrophage is severely damaged.
The necrophage hits you.
The necrophage hits you but does no damage.
You slash the necrophage!
The necrophage is almost destroyed.
The necrophage hits you.
* * * LOW HITPOINT WARNING * * *
You feel drained.
You die...

..#.......
#........
##.......
###.......# .
#<........#####..
....).....#..>...
#.#......n.......
.$.....<.@.......
...####.......#..
.$......†.####
.............
......#.......$
......#........
......#........
......##>......
..... ..[....


You could see a necrophage.

Vanquished Creatures
  3 bats
  4 endoplasms
  A giant cockroach (D:1)
  2 goblins (D:1)
  2 hobgoblins (D:1)
  A quokka (D:2)
  3 ball pythons (D:1)
  A frilled lizard (D:1)
  A kobold (D:1)
  A rat (D:1)
19 creatures vanquished.

Vanquished Creatures (others)
  4 toadstools (D:1)
4 creatures vanquished.

Grand Total: 23 creatures vanquished

Notes
Turn   | Place    | Note
-------+----------+-------------------------------------------
     0 | D:1      | polve the Demonspawn Gladiator began the quest for the Orb.
     0 | D:1      | Reached XP level 1. HP: 16/16 MP: 1/1
   331 | D:1      | Gained mutation: You sometimes gain a little power by
                  | taking damage. [demonic ancestry]
   331 | D:1      | Reached XP level 2. HP: 22/22 MP: 2/2
   468 | D:1      | Reached skill level 1 in Shields
   649 | D:1      | Reached skill level 3 in Axes
  1208 | D:2      | Noticed a necrophage
  1223 | D:2      | Slain by a necrophage

Illustrated notes

Levels and vault maps discovered:
D:1:      ldierk_water_garden, layout_loops_ring
D:2:      layout_basic, serial_shops, nicolae_shop_crystal,
          nicolae_diamond_shop, basic_ecumenical_altar,
          kennysheep_generic_room_5

Skill      XL: |  1  2 |
---------------+-------+-----
Shields        | 1 |  1.3
Axes           | 3 |  3.0
Fighting       | |  2.0
Throwing       | |  1.7
Armour         | |  0.7
Dodging        | |  2.6

Action                   || total
-------------------------++-------
Melee: War axe           ||    68
Armor: Leather armour    ||    18
Dodge: Dodged            ||    43
Block: Buckler           ||    14

Table legend: (Time is in decaauts)
 A = Elapsed time spent in this place.
 B = Non-inter-level travel time spent in this place.
 C = Inter-level travel time spent in this place.
 D = Time resting spent in this place.
 E = Time spent auto-exploring this place.
 F = Levels seen in this place.
 G = Mean time per level.
                   A        B        C        D        E       F      G
               +--------+--------+--------+--------+--------+-----+--------+
         Total |   1253 |   1229 |     24 |      0 |   1053 |   2 |  626.5 |
       Dungeon |   1253 |   1229 |     24 |      0 |   1053 |   2 |  626.5 |
               +--------+--------+--------+--------+--------+-----+--------+

Top non-repeatable levels by time:
     D:1: 1233 daAuts
     D:2: 19 daAuts
